 Dungeon Crawl Stone Soup version 0.23-a0-208-gb6b040f (webtiles) character file.

126 tilp the Chiller (level 5, -4/35 HPs)
             Began as a Merfolk Ice Elementalist on Sept 25, 2018.
             Slain by Grinder (6 damage)
             ... on level 3 of the Dungeon.
             The game lasted 00:11:18 (3125 turns).

tilp the Chiller (Merfolk Ice Elementalist)         Turns: 3125, Time: 00:11:19

Health: -4/35      AC:  3    Str:  8    XL:     5   Next: 9%
Magic:  3/8        EV: 13    Int: 20    God:
Gold:   197        SH:  0    Dex: 15    Spells: 2/8 levels left

rFire    . . .     SeeInvis .   d - +0 spear
rCold    . . .     Gourm    .   (no shield)
rNeg     . . .     Faith    .   a - +0 robe
rPois    .         Spirit   .   (no helmet)
rElec    .         Reflect  .   (no cloak)
rCorr    .         Harm     .   (no gloves)
MR       .....                  n - +0 pair of boots
Stlth    ++........             (no amulet)
HPRegen  0.11/turn              (no ring)
MPRegen  0.11/turn              (no ring)

@: brilliant
A: change form in water, swift swim, stealthy swim
a: no special abilities


You were on level 3 of the Dungeon.
You were not hungry.

You visited 1 branch of the dungeon, and saw 3 of its levels.

You collected 197 gold pieces.

Inventory:

Hand Weapons
 b - a +0 dagger
 d - a +0 spear (weapon)
Armour
 a - a +0 robe (worn)
 n - a +0 pair of boots (worn)
Magical Staves
 q - an uncursed staff of power {unknown}
Jewellery
 g - an uncursed ring of positive energy {unknown}
 j - an uncursed amulet of faith {unknown}
Wands
 m - a wand of disintegration (1)
Scrolls
 e - a scroll of amnesia
 i - a scroll of magic mapping
 l - a scroll of remove curse
Potions
 p - a potion of curing
 r - a potion of flight
 s - a potion of lignification {unknown}
 t - a potion of cancellation {unknown}
 w - a potion of invisibility {unknown}
Comestibles
 c - 2 rations


   Skills:
 + Level 4.5 Polearms
 - Level 2.6 Dodging
 - Level 2.1 Stealth
 - Level 2.0 Spellcasting
 - Level 0.7 Conjurations
 + Level 5.0 Ice Magic


You had 2 spell levels left.
You knew the following spells:

 Your Spells              Type           Power        Failure   Level  Hunger
a - Freeze                Ice            ####         1%          1    #......
b - Throw Frost           Conj/Ice       ####..       1%          2    ##.....
c - Ozocubu's Armour      Chrm/Ice       ###.....     2%          3    ###....

Your spell library contained the following spells:

 Spells                   Type           Power        Failure   Level  Hunger
 Throw Icicle             Conj/Ice       ####....     5%          4    #####..
 Summon Ice Beast         Ice/Summ       ###.....     7%          4    #####..


Dungeon Overview and Level Annotations

Branches:
Dungeon (3/15)

Altars:

Annotations:
D:2 1 runed door
D:3 exclusion: 3 doors, Grinder, Natasha


Message History

Grinder gestures at you.
You suddenly lose the ability to move!
Grinder gestures at you.
You shrug off the repeated paralysis!
You can move again.
There is an open door here.
As you close the door, it creaks loudly!
Grinder opens the door.
Okay, then.
Aiming: Disintegrate
Press: ? - help, Shift-Dir - straight line, f/p - Grinder
Aim: Grinder (lightly wounded, inner flame, chance to defeat MR: 65%) Grinder struggles to resist.
Aiming: Disintegrate
Press: ? - help, Shift-Dir - straight line, f/p - Grinder
Aim: Grinder (lightly wounded, inner flame, chance to defeat MR: 65%) Grinder struggles to resist.
Grinder hits you!
* * * LOW HITPOINT WARNING * * *
You writhe in agony.
You die...

*.#*,*,*,,####.#....)....#
###.,,,,,*,,* #.#.........######
...#**,***,,** #.#...5.....#.....
...# #.......# #.#.........#.###.
...# *.......# #.#.........#.#.#.
...#**#......# #.#...............
...+,,+......# #.#........##.####
...####......###5#........##.....
...##........#..@....###########.
...##........#.......# #.
...##................# #.
...##....#........(..# #.
...##.>..#...........# #.
...##....#...........# #.
...##..[)#...........# #.
...##....#####.......# #.
#####......# #.......# ##


You could see Grinder (inner flame).

Vanquished Creatures
  Terence (D:3)
  2 adders
  2 oozes
  A dart slug (D:2)
  A leopard gecko (D:1)
  6 bats
  2 giant cockroaches (D:1)
  11 goblins
  12 hobgoblins
  5 jackals (D:3)
  3 ball pythons
  6 frilled lizards
  10 kobolds
  7 rats
69 creatures vanquished.

Notes
Turn   | Place    | Note
-------+----------+-------------------------------------------
     0 | D:1      | tilp the Merfolk Ice Elementalist began the quest for the
                  | Orb.
     0 | D:1      | Reached XP level 1. HP: 13/13 MP: 3/3
    57 | D:1      | Reached skill level 1 in Polearms
   128 | D:1      | Reached XP level 2. HP: 17/19 MP: 3/5
   148 | D:1      | Learned a level 2 spell: Throw Frost
   542 | D:1      | Reached skill level 4 in Ice Magic
   542 | D:1      | Reached XP level 3. HP: 23/24 MP: 6/6
   547 | D:1      | Learned a level 3 spell: Ozocubu's Armour
  1470 | D:2      | Found a runed door.
  1697 | D:2      | Reached XP level 4. HP: 21/30 MP: 7/7
  2023 | D:3      | Noticed Natasha
  2553 | D:3      | Noticed Grinder
  2694 | D:3      | Paralysed by Grinder for 3 turns
  2826 | D:3      | Paralysed by Grinder for 4 turns
  2899 | D:3      | Noticed Terence
  2906 | D:3      | Killed Terence
  2906 | D:3      | Reached skill level 5 in Ice Magic
  2906 | D:3      | Reached XP level 5. HP: 24/35 MP: 0/8
  3091 | D:3      | Paralysed by Grinder for 6 turns
  3116 | D:3      | Paralysed by Grinder for 5 turns
  3125 | D:3      | Slain by Grinder

Vault maps used:
D:1:      arrival_zaba_pyramid, glass_columns_b, minmay_pentomino_u4
D:2:      minmay_box_of_dots, uniq_crazy_yiuf_cottage
D:3:      kennysheep_goblin_castle, ebering_ghost_rock_garden, uniq_grinder,
          uniq_natasha, uniq_terence

Skill      XL: |  1  2  3  4 |
---------------+-------------+-----
Polearms       | 1 2 3 4 |  4.5
Ice Magic      | 4 5 |  5.0
Dodging        | |  2.6
Stealth        | |  2.1
Spellcasting   | |  2.0
Conjurations   | |  0.7

Action                   |  1- 3 |  4- 6 || total
-------------------------+-------+-------++-------
Melee: Spear             |   116 |    68 ||   184
 Cast: Freeze            |    26 |    22 ||    48
       Throw Frost       |       |     3 ||     3
       Ozocubu's Armour  |       |     2 ||     2
Evoke: Wand              |       |     4 ||     4
  Use: Scroll            |       |    12 ||    12
       Potion            |       |     2 ||     2
 Stab: Sleeping          |     6 |     2 ||     8
  Eat: Chunk             |     3 |     2 ||     5
       Ration            |       |     1 ||     1
Armor: Robe              |    18 |    37 ||    55
Dodge: Dodged            |    77 |    82 ||   159

Table legend:
 A = Non-vault XP
 B = Vault XP
 C = Vault XP percentage of total XP
 D = Non-vault monster count
 E = Vault monster count
 F = Vault count percentage of total count
                 A         B        C        D         E       F
            +---------+---------+-------+---------+---------+-------
      Total |     129 |      51 |  28.3 |      60 |       9 |  13.0
            +---------+---------+-------+---------+---------+-------
        D:1 |      50 |       8 |  13.8 |      30 |       4 |  11.8
        D:2 |      38 |       5 |  11.6 |      13 |       3 |  18.8
        D:3 |      41 |      38 |  48.1 |      17 |       2 |  10.5
            +---------+---------+-------+---------+---------+-------
